 Dungeon Crawl Stone Soup version 0.30-a0-1116-gebefce21f7 (webtiles) character file.

Game seed: 13975751502549564055

23 kae the Chopper (level 3, -6/31 HPs)
             Began as a Hill Orc Fighter on Apr 21, 2023.
             Mangled by Sigmund
             ... wielding a +0 scythe
              (7 damage)
             ... on level 2 of the Dungeon.
             The game lasted 00:00:51 (799 turns).

kae the Chopper (Hill Orc Fighter)                   Turns: 799, Time: 00:00:52

Health: -6/31      AC:  6    Str: 20    XL:     3   Next: 0%
Magic:  3/3        EV:  6    Int:  8    God:
Gold:   32         SH:  5    Dex: 10    Spells: 2/2 levels left

rFire   . . .      SeeInvis .    a - +0 war axe (drain)
rCold   . . .      Faith    .    c - +1 buckler
rNeg    . . .      Spirit   .    b - +0 scale mail
rPois   .          Reflect  .    (no helmet)
rElec   .          Rampage  .    (no cloak)
rCorr   .                        (no gloves)
Will    .....                    (no boots) Stlth
                                 (no amulet)
HPRegen 0.25/turn                (no ring)
MPRegen 0.08/turn                (no ring)

@: mighty, constricted
A: no striking features
a: no special abilities


You were on level 2 of the Dungeon.
You visited 1 branch of the dungeon, and saw 2 of its levels.

You collected 84 gold pieces.
You spent 52 gold pieces at shops.


   Skills:
 - Level 3.6 Fighting
 + Level 4.5 Axes
 - Level 3.2 Armour
 - Level 3.2 Shields


You had 2 spell levels left.
You didn't know any spells.
Your spell library was empty.

Inventory:

Hand Weapons
 a - a +0 war axe of draining (weapon)
Missiles
 f - 29 stones (quivered)
Armour
 b - a +0 scale mail (worn)
 c - a +1 buckler (worn)
Magical Staves
 e - a staff of cold {!a}
   (You found it on level 2 of the Dungeon)
Scrolls
 k - a scroll of enchant armour
Potions
 h - a potion of haste {@q3}
 i - a potion of brilliance
 j - a potion of heal wounds {@q2}
 l - a potion of flight

Dungeon Overview and Level Annotations

Branches:
Dungeon (2/15) Zot: 11183

Altars:

Shops:
D:1 *

Annotations:
D:2 Sigmund

##...#...##
##.........##
####...........#
...............#
###...........#
##.........##
########.......#####
#....†....#...<....#
##S@$.†###########..
#.{##........ #..
##.###### .... #...
.#### ..#r. ..
....... . #.. ...
...:..


You could see a quokka and a ball python.


Message History

Done exploring.
(D) Dungeon
Where to? (? - help)
The floating eye turns its gaze towards you. x2
The great orb of eyes turns its gaze towards you.
The floating eye pulsates ominously.
There is a stone staircase leading down here.
You climb downwards.
There is a stone staircase leading up here.
Okay, then.
Okay, then.
Your library has no spells.
Unknown command.
You now have 32 gold pieces (gained 9).
e - a staff of cold {!a} A hobgoblin comes into view.
The hobgoblin shouts!
You hear an angry hiss.
A ball python comes into view.
The ball python hisses angrily.
The hobgoblin barely misses you.
There are monsters nearby!
You barely miss the hobgoblin. The hobgoblin barely misses you.
You slash the hobgoblin!
You kill the hobgoblin!
You closely miss the ball python.
The ball python bites you but does no damage.
The ball python barely misses you. The ball python misses you.
You block the ball python's attack.
A ball python is nearby!
You slash the ball python!
You kill the ball python!
Sigmund the Dreaded comes into view.
He is wielding a +0 scythe, wearing a +2 robe of fire resistance and carrying a wand of roots (9).
You have reached level 3!
Your experience leads to an increase in your attributes!
Increase (S)trength, (I)ntelligence, or (D)exterity?
You feel stronger. x2 😎 HP[+5] MP[+1]
You now have 31 max hp (+5).
Your hp is fully restored (31).
Your mp is fully restored (3).
You aren't carrying any items that you can evoke.
You feel very mighty all of a sudden.
Sigmund shouts!
Sigmund zaps a wand.
The roots erupt in riotous growth!
The grasping roots grab you! The grasping roots constrict you.
You hear an angry hiss.
You escape the roots grasp.
Sigmund hits you from afar with a +0 scythe.
You see here 17 gold pieces. 😕 HP[-7]
You take 7 damage, and now have 24/31 hp.
MASSIVE DAMAGE!! (PAUSE) Sigmund laughs darkly.
Sigmund gestures at you while chanting. You resist with significant effort.
You barely miss Sigmund. Sigmund hits you but does no damage.
You barely miss Sigmund. Sigmund barely misses you. 😕 HP[+1]
You slash Sigmund! Sigmund says, "I'm your fate."
Sigmund mumbles some strange words.
Sigmund flickers and vanishes!
Deactivating autopickup; reactivate with Ctrl-A.
Unknown command.
You hit something.
You hear a zap.
The roots erupt in riotous growth!
The grasping roots grab you!
You are constricted.
You miss something. Something hits you.
You are constricted.
* * * LOW HITPOINT WARNING * * *
A ball python comes into view. 😨 HP[-10]
You take 10 damage, and now have 15/31 hp.
MASSIVE DAMAGE!! (PAUSE)
You barely miss something.
You are constricted.
The grasping roots release their grip on you.
You barely miss something. Something hits you.
* * * LOW HITPOINT WARNING * * *
Unknown command. 😨 HP[-5]
You take 5 damage, and now have 10/31 hp.
You closely miss something.
A quokka comes into view.
Something hits you!
* * * LOW HITPOINT WARNING * * *
😱 HP[-6]
You take 6 damage, and now have 4/31 hp.
You hit something. Something hits you.
* * * LOW HITPOINT WARNING * * *
The ball python closely misses you. The ball python grabs you.
The ball python constricts you. 😱 HP[-3]
You take 3 damage, and now have 1/31 hp.
You barely miss something. You barely miss the ball python.
The ball python bites you but does no damage.
The ball python constricts you. Something hits you!
You die...

Skill      XL: |  1  2 |
---------------+-------+-----
Axes           | 3 4 |  4.5
Fighting       | |  3.6
Armour         | |  3.2
Shields        | |  3.2

Action                     || total
---------------------------++-------
  Melee: War axe           ||    49
    Use: Scroll            ||     7
         Potion            ||     1
 Armour: Scale mail        ||    23
  Dodge: Dodged            ||    30
  Block: Buckler           ||     8

Levels and vault maps discovered:
D:1:      dpeg_arrival_fog, layout_basic, serial_glass, glass_columns_a,
          glass_columns_b, minmay_strange_pillars, serial_shops, shop,
          hellmonk_ecumenical_altar_watching_god, minmay_misc_feat_encased,
          minmay_misc_feat_diagonals, hex_large
D:2:      layout_rooms, uniq_crazy_yiuf_cottage, uniq_sigmund

Notes
Turn   | Place    | Note
-------+----------+-------------------------------------------
     0 | D:1      | kae the Hill Orc Fighter began the quest for the Orb.
     0 | D:1      | Reached XP level 1. HP: 19/19 MP: 1/1
     0 | D:1      | magus.rc [v1.11.3]
   121 | D:1      | Noticed a floating eye
   122 | D:1      | Noticed a great orb of eyes
   125 | D:1      | Found a faded altar of an unknown god.
   140 | D:1      | Noticed a floating eye
   159 | D:1      | Noticed a floating eye
   176 | D:1      | Reached skill level 3 in Axes
   220 | D:1      | Reached XP level 2. HP: 25/26 MP: 2/2
   231 | D:1      | Reached skill level 4 in Axes
   385 | D:1      | Found Kacoager's Assorted Antiques.
   405 | D:1      | Bought a ruby potion for 16 gold pieces
   405 | D:1      | Bought a scroll labelled LUSHUH DIEMOG for 18 gold pieces
   405 | D:1      | Bought a scroll labelled TIQUFR GASEAHU for 18 gold pieces
   785 | D:2      | Noticed Sigmund
   786 | D:2      | Reached XP level 3. HP: 31/31 MP: 3/3
   797 | D:2      | HP: 4/31 [something (7)]
   798 | D:2      | HP: 1/31 [something (3)]
   799 | D:2      | Mangled by Sigmund

Vanquished Creatures
  A dart slug (D:1)
  2 ball pythons
  2 hobgoblins
  4 jackals (D:1)
  4 kobolds (D:1)
  2 quokkas (D:1)
  3 rats (D:1)
18 creatures vanquished.

Table legend:
 A = Non-vault XP
 B = Vault XP
 C = Vault XP percentage of total XP
 D = Non-vault monster count
 E = Vault monster count
 F = Vault count percentage of total count
                 A         B        C        D         E       F
            +---------+---------+-------+---------+---------+-------
      Total |      34 |       0 |   0.0 |      18 |       0 |   0.0
            +---------+---------+-------+---------+---------+-------
        D:1 |      30 |       0 |   0.0 |      16 |       0 |   0.0
        D:2 |       4 |       0 |   0.0 |       2 |       0 |   0.0
            +---------+---------+-------+---------+---------+-------

Illustrated notes

Table legend:
 A = Kills in this place as a percentage of kills in the entire game.
 B = Kills by you in this place as a percentage of kills by you in the entire game.
 C = Kills by friends in this place as a percentage of kills by friends in the entire game.
 D = Other kills in this place as a percentage of other kills in the entire game.
 E = Experience gained in this place as a percentage of experience gained in the entire game.
 F = Experience gained in this place divided by the number of levels of this place that you have seen.
                   A       B       C       D       E      F
               +-------+-------+-------+-------+-------+----------------------
         Total | 100.0 | 100.0 |   N/A |   N/A | 100.0 |  17.0
       Dungeon | 100.0 | 100.0 |   N/A |   N/A | 100.0 |  17.0
               +-------+-------+-------+-------+-------+----------------------

Table legend: (Time is in decaauts)
 A = Elapsed time spent in this place.
 B = Non-inter-level travel time spent in this place.
 C = Inter-level travel time spent in this place.
 D = Time resting spent in this place.
 E = Time spent auto-exploring this place.
 F = Levels seen in this place.
 G = Mean time per level.
                   A        B        C        D        E       F      G
               +--------+--------+--------+--------+--------+-----+--------+
         Total |    815 |    772 |     43 |      0 |    647 |   2 |  407.5 |
       Dungeon |    815 |    772 |     43 |      0 |    647 |   2 |  407.5 |
               +--------+--------+--------+--------+--------+-----+--------+

Top non-repeatable levels by time:
     D:1: 779 daAuts
     D:2: 35 daAuts
